 Dungeon Crawl Stone Soup version 0.23.2-33-g5129a83184 (webtiles) character file.

Game seed: 9054305318106469827

84 Joat the Skirmisher (level 4, -1/41 HPs)
             Began as a Minotaur Wizard on July 3, 2019.
             Slain by Sigmund
             ... wielding a +0 scythe
              (6 damage)
             ... on level 2 of the Dungeon.
             The game lasted 00:05:48 (2533 turns).

Joat the Skirmisher (Minotaur Wizard)               Turns: 2533, Time: 00:05:49

Health: -1/41      AC:  8    Str: 11    XL:     4   Next: 23%
Magic:  6/6        EV:  5    Int: 15    God:
Gold:   64         SH:  0    Dex: 10    Spells: 6/7 levels left

rFire    . . .     SeeInvis .   i - +0 dagger
rCold    . . .     Gourm    .   (no shield)
rNeg     . . .     Faith    .   a - +0 chain mail
rPois    .         Spirit   .   b - +0 hat
rElec    .         Reflect  .   (no cloak)
rCorr    .         Harm     .   (no gloves)
MR       +....                  (no boots)
Stlth    ..........             (no amulet)
HPRegen  0.13/turn              e - ring of protection from magic
MPRegen  0.10/turn              (no ring)

@: no status effects
A: retaliatory headbutt, horns 2
a: no special abilities


You were on level 2 of the Dungeon.
You were not hungry.

You visited 1 branch of the dungeon, and saw 2 of its levels.

You collected 64 gold pieces.

Inventory:

Hand Weapons
 i - a +0 dagger (weapon)
Armour
 a - a +0 chain mail (worn)
 b - a +0 hat (worn)
Jewellery
 e - a ring of protection from magic (left hand)
Scrolls
 c - a scroll of teleportation {unknown}
 g - 3 scrolls of identify {unknown}
 h - 3 scrolls of remove curse {unknown}
Comestibles
 d - 3 rations


   Skills:
 + Level 4.8 Fighting
 - Level 2.1 Dodging
 - Level 1.5 Stealth
 - Level 2.1 Spellcasting
 - Level 0.6 Conjurations
   Level 0.6 Summonings
   Level 0.6 Translocations


You had 6 spell levels left.
You knew the following spells:

 Your Spells              Type           Power        Failure   Level  Hunger
a - Magic Dart            Conj           #...         100%        1    #......

Your spell library contained the following spells:

 Spells                   Type           Power        Failure   Level  Hunger
 Blink                    Tloc           N/A          100%        2    ###....
 Call Imp                 Summ           #.......     100%        2    ###....
 Slow                     Hex            #.......     100%        2    ###....
 Conjure Flame            Conj/Fire      #.......     100%        3    ###....
 Mephitic Cloud           Conj/Pois/Air  #.......     100%        3    ###....


Dungeon Overview and Level Annotations

Branches:
Dungeon (2/15)

Altars:

Annotations:
D:2 Sigmund


Innate Abilities, Weirdness & Mutations

You reflexively headbutt those who attack you in melee.
You have a pair of horns on your head.


Message History

You are too injured to fight recklessly!
You feel better.
You see here a +0 club.
You hear a zap.
A puff of flame appears from out of thin air!
The puff of flame hits you!
* * * LOW HITPOINT WARNING * * *
You feel better.
You aren't carrying any potions.
You see here a +0 club.
You hear a zap.
A puff of flame appears from out of thin air!
The puff of flame hits you!
* * * LOW HITPOINT WARNING * * *
Sigmund screams, "I am the angel of ZOT!!!"
Sigmund closely misses you. You furiously retaliate!
You headbutt Sigmund.
Your chain mail prevents you from hitting Sigmund.
Sigmund is heavily wounded.
Sigmund hits you with a +0 scythe.
You die...

.#..........#
.##########.####### .#
#.@.#...# .#
#.#.#.#.### @.
####.#.#...#
##########....#.###.#
........##.##.#.#...###
#######.##.##..)#.....#
..# #.##.##.#@@...#.#
### #.##.##.#.#...#.#
#.##.##.#.#...#.#
#######.##.##.#.#.#.#.#
......#.##.##.#.#...#.#
#.......##....#.#.###.#
#.###.#########.#.# #.#
#.# #.# #.......#.###.#
..# #.###.#######.....#


You could see Sigmund.

Vanquished Creatures
  Terence (D:2)
  2 adders (D:2)
  2 worms (D:2)
  2 dart slugs
  3 bats
  7 hobgoblins
  A ball python (D:1)
  A frilled lizard (D:1)
  4 goblins (D:1)
  6 kobolds
  2 rats (D:2)
31 creatures vanquished.

Notes
Turn   | Place    | Note
-------+----------+-------------------------------------------
     0 | D:1      | Joat the Minotaur Wizard began the quest for the Orb.
     0 | D:1      | Reached XP level 1. HP: 14/14 MP: 2/2
   337 | D:1      | Reached skill level 1 in Fighting
   833 | D:1      | Reached skill level 2 in Fighting
   833 | D:1      | Reached XP level 2. HP: 24/24 MP: 4/4
  1158 | D:2      | Reached skill level 3 in Fighting
  1423 | D:2      | Reached XP level 3. HP: 25/31 MP: 5/5
  1543 | D:2      | Noticed Terence
  1613 | D:2      | Killed Terence
  1613 | D:2      | Reached skill level 4 in Fighting
  1613 | D:2      | Reached XP level 4. HP: 9/41 MP: 6/6
  2408 | D:2      | Noticed Sigmund
  2533 | D:2      | Slain by Sigmund

Skill      XL: |  1  2  3 |
---------------+----------+-----
Fighting       | 2 3 4 |  4.8
Dodging        | |  2.1
Stealth        | |  1.5
Spellcasting   | |  2.1
Conjurations   | |  0.6
Summonings     | |  0.6
Translocations | |  0.6

Action                   |  1- 3 |  4- 6 || total
-------------------------+-------+-------++-------
Melee: Dagger            |   159 |    48 ||   207
       Unarmed           |    28 |       ||    28
       Headbutt          |    16 |    11 ||    27
  Use: Potion            |     1 |     2 ||     3
 Stab: Sleeping          |     1 |       ||     1
  Eat: Chunk             |     1 |     4 ||     5
Armor: Chain mail        |   116 |    20 ||   136
       Robe              |     1 |       ||     1
Dodge: Dodged            |    57 |     3 ||    60
